 Dungeon Crawl Stone Soup version 0.17-a0-1533-g2f57bce (webtiles) character file.

476 mrath the Digger (level 7, -1/36 HPs)
             Began as a Gargoyle Earth Elementalist on July 16, 2015.
             Shot with an arrow by a centaur (14 damage)
             ... on level 5 of the Dungeon.
             The game lasted 00:41:46 (4824 turns).

mrath the Digger (Gargoyle Earth Elementalist)      Turns: 4824, Time: 00:41:46

Health: -1/36      AC:  6    Str: 12    XL:     7   Next: 10%
Magic:  11/15      EV: 12    Int: 17    God:
Gold:   181        SH:  0    Dex: 10    Spells: 4 memorised, 7 levels left

rFire  x . .     SeeInvis .     x - 35 stones
rCold  + . .     Clarity  .     z - +0 robe
rNeg   + . .     SustAt   .     (no shield)
rPois  ∞         Gourm    +     (no helmet)
rElec  +         Spirit   .     (no cloak)
rCorr  .         Warding  .     (no gloves)
rMut   .         Stasis   .     (no boots)
MR     .....                    B - amulet of the gourmand
Stlth  ++........               (no ring)
                                q - ring of ice

@: not resistant to hostile enchantments, unstealthy
A: negative energy resistance 1, electricity resistance, unbreathing,
petrification resistance, rot immunity, AC +4
a: no special abilities


You were on level 5 of the Dungeon.
You were not hungry.

You visited 1 branch of the dungeon, and saw 6 of its levels.

You collected 181 gold pieces.

Inventory:

Hand weapons
 j - a +0 hunting sling
 r - a +0 flail
 s - a +0 blowgun
 A - a +1 dagger of protection
Missiles
 a - 10 poisoned needles
 u - 2 throwing nets (quivered)
 v - 54 arrows
 w - 4 curare-tipped needles
 x - 35 stones (in hand)
 y - 50 sling bullets
 G - 5 tomahawks
Armour
 z - a +0 robe (worn)
Jewellery
 q - a ring of ice (left hand)
 B - an amulet of the gourmand (around neck)
Magical devices
 E - a wand of frost (31)
Scrolls
 f - 2 scrolls of enchant weapon {unknown}
 i - a scroll of fog {unknown}
 k - a scroll of noise {unknown}
 l - 2 scrolls of identify
 n - a scroll of random uselessness {unknown}
 t - 2 scrolls of teleportation
 C - a scroll of brand weapon {unknown}
 D - a scroll of amnesia {unknown}
 H - a scroll of recharging {unknown}
Potions
 b - a potion of magic {unknown}
 e - a potion of ambrosia {unknown}
 g - 4 potions of agility {unknown}
 m - a potion of might {unknown}
 p - 3 potions of curing {unknown}
Books
 c - a book of Geomancy

   Spells                             Type                      Level
   a - Sandblast                      Earth                        1
   b - Stoneskin                      Transmutation/Earth          2
   c - Passwall                       Transmutation/Earth          3
   d - Stone Arrow                    Conjuration/Earth            3
   e - Petrify                        Transmutation/Earth          4
   f - Lee's Rapid Deconstruction     Earth                        5
Comestibles
 d - 3 bread rations
 h - a royal jelly
 o - 3 meat rations
 F - a beef jerky


   Skills:
 - Level 1.5 Dodging
 - Level 2.1 Stealth
 * Level 5.7 Spellcasting
 - Level 0.7 Transmutations
 + Level 6.1 Earth Magic


You had 7 spell levels left.
You knew the following spells:

 Your Spells              Type           Power        Failure   Level  Hunger
a - Sandblast             Erth           ####..       1%          1    None
b - Stoneskin             Trmt/Erth      ###.....     6%          2    #......
c - Petrify               Trmt/Erth      ###.....     38%         4    ####...
d - Stone Arrow           Conj/Erth      ###...       12%         3    ##.....


Dungeon Overview and Level Annotations

Branches:
Dungeon (6/15)
 Temple: D:4-7

Altars:
Elyvilon
Kikubaaqudgha
Zin
The Shining One


Innate Abilities, Weirdness & Mutations

You are resistant to torment.
Your stone body is resilient (AC +4).
You are immune to poison.
You resist negative energy.
You are resistant to electric shocks.
You can survive without breathing.
You are immune to petrification.
You are immune to rotting.


Message History

Press: ? - help, Shift-Dir - straight line, f - adder
Aim: an adder The rocky blast misses the adder.
The centaur unwields an uncursed long sword.
The centaur wields a shortbow.
The centaur shoots an arrow.
The arrow hits you!
A centaur comes into view. It is wielding a shortbow.
Casting: Sandblast
Confirm with . or Enter, or press ? or * to list all spells.
Aiming: Sandblast
Press: ? - help, Shift-Dir - straight line, f/p - adder
Aim: an adder The rocky blast hits the adder.
You kill the adder!
The centaur shoots an arrow.
The arrow hits you.
The centaur shoots an arrow.
The arrow hits you.
You see here an arrow.
The centaur shoots an arrow.
The arrow hits you.
You see here an arrow.
The centaur shoots an arrow.
The arrow hits you!
You die...

#..#. #...... .....######
#...# .........# #...#
#......# #...# # #)....#
#...# #..
#.(...####...#######
...?#..((.)............#.
..#.c.....((.............
...........@(<.........#
###.#.....####...#######
#.####### #...# # #...#
#...# #...# ####
###...######## ...
#............#
####.##.##.....###.#


You could see a centaur.

Vanquished Creatures
  The ghost of nubinia the Grave Robber, an average DsNe (D:3)
  An orc wizard (D:3)
  A hound (D:6)
  2 orc priests (D:3)
  A worker ant (D:6)
  8 gnolls
  5 adders
  A worm (D:3)
  7 orcs (D:3)
  10 goblins
  7 hobgoblins
  4 jackals
  2 ball pythons
  10 bats
  7 giant cockroaches
  A giant cockroach zombie (D:5)
  3 giant geckos
  4 giant newts
  13 kobolds
  A quokka (D:6)
  6 rats
95 creatures vanquished.

Notes
Turn   | Place    | Note
--------------------------------------------------------------
     0 | D:1      | mrath the Gargoyle Earth Elementalist began the quest for the Orb.
     0 | D:1      | Reached XP level 1. HP: 10/10 MP: 3/3
   264 | D:1      | Reached XP level 2. HP: 15/15 MP: 1/5
   654 | D:1      | Reached skill level 4 in Earth Magic
  1057 | D:1      | Learned a level 2 spell: Stoneskin
  1132 | D:1      | Reached XP level 3. HP: 10/19 MP: 5/7
  2173 | D:2      | Reached XP level 4. HP: 21/24 MP: 6/9
  2570 | D:3      | Reached XP level 5. HP: 14/28 MP: 4/10
  2729 | D:2      | Learned a level 4 spell: Petrify
  2758 | D:3      | Noticed nubinia's ghost (average DsNe)
  2885 | D:3      | Reached skill level 5 in Earth Magic
  3268 | D:3      | Killed nubinia's ghost
  3268 | D:3      | Reached skill level 5 in Spellcasting
  3268 | D:3      | Reached XP level 6. HP: 9/32 MP: 6/13
  3555 | D:2      | Learned a level 3 spell: Stone Arrow
  4095 | D:3      | Found a glowing golden altar of the Shining One.
  4096 | D:3      | Found a glowing silver altar of Zin.
  4102 | D:3      | Found a white marble altar of Elyvilon.
  4301 | D:4      | Found an ancient bone altar of Kikubaaqudgha.
  4315 | D:4      | You fall through a shaft for 2 floors!
  4415 | D:6      | Reached skill level 6 in Earth Magic
  4415 | D:6      | Reached XP level 7. HP: 36/36 MP: 15/15
  4650 | D:5      | Entered Level 5 of the Dungeon
  4824 | D:5      | Shot with an arrow by a centaur

Vault maps used:
D:1:      kilobyte_arrival_exit_the_forest
D:2:      first_bread
D:3:      good_gods_mini_temple
D:4:      kiku_gazebo_garden_becter, lemuel_doored_altar,
          gammafunk_temple_overflow_wave, gup_sewer_entry_bubbles
D:6:      serial_shops, kennysheep_little_box

Action                   |  1- 3 |  4- 6 |  7- 9 || total
-------------------------+-------+-------+-------++-------
Melee: Club              |    37 |    23 |       ||    60
       Short sword       |     6 |       |       ||     6
       Flail             |       |    64 |     5 ||    69
 Fire: Blowgun           |       |    24 |     5 ||    29
       Hunting sling     |       |       |     2 ||     2
 Cast: Sandblast         |    34 |    52 |     5 ||    91
       Stoneskin         |       |     1 |       ||     1
  Use: Scroll            |       |     5 |     1 ||     6
 Stab: Sleeping          |     2 |     3 |     1 ||     6
       Distracted        |       |     1 |       ||     1
  Eat: Chunk             |     4 |     4 |     1 ||     9
       Pizza             |       |     1 |       ||     1
       Beef jerky        |       |     1 |       ||     1
